Map: [ESL] Site Delta

Players

BattleB

  • Race: Terran Terran
  • Spawn Location: 11:00

Strange - Winner!

  • Race: Protoss Protoss
  • Spawn Location: 5:00

Event: ESL SC2 Masters 2024 Spring (Regional)

VOD

Have the link to the VOD?

Description

Time

  • Played on: April 18, 2024, 12:51 p.m.
  • Length: 9:26

All games in this series

Show
View Real Time Build Order
Export as new Build Order

BattleB Terran 

Build Orders: Cyclone Opening 

Get SALT Encoding   

  12  0:00  SCV  
  13  0:12  SCV  
  14  0:16  Supply Depot  
  14  0:24  SCV  
  15  0:38  SCV  
  15  0:40  Barracks  
  15  0:42  Refinery  
  16  0:50  SCV  
  17  1:02  SCV  
  18  1:14  SCV  
  19  1:29  Marine  
  19  1:30  Orbital Command  
  20  1:42  Command Center  
  20  1:51  Factory  
  20  1:55  SCV  
  21  2:02  Barracks Reactor  
  21  2:07  SCV, Supply Depot  
  22  2:19  SCV  
  23  2:31  SCV  
  23  2:36  Command Center  
  24  2:42  Cyclone  
  26  2:45  SCV  
  26  2:49  Marine  
  26  2:50  Marine  
  29  2:57  Orbital Command  
  29  3:00  SCV  
  30  3:07  Marine  
  30  3:08  Marine  
  32  3:14  Barracks  
  32  3:16  SCV  
  33  3:23  SCV  
  33  3:25  Cyclone  
  36  3:27  Marine  
  36  3:29  SCV  
  36  3:31  Marine  
  39  3:35  SCV  
  39  3:40  Barracks  
  40  3:43  SCV  
  40  3:45  Marine  
  40  3:47  SCV  
  43  3:48  Marine  
  43  3:51  Orbital Command  
  43  3:55  SCV  
  45  3:57  Factory Tech Lab  
  45  3:59  SCV  
  45  4:01  Refinery  
  46  4:03  Barracks Tech Lab  
  46  4:08  SCV  
  46  4:09  Bunker  
  47  4:10  Marine x2  
  47  4:11  SCV  
  50  4:17  SCV, Supply Depot  
  50  4:20  SCV  
  50  4:23  Siege Tank  
  55  4:25  SCV  
  55  4:27  Stimpack  
  55  4:29  SCV  
  57  4:38  Supply Depot  
  57  4:39  SCV x2  
  57  4:41  Barracks Tech Lab, Marine x2  
  57  4:45  Marauder  
  63  4:48  Engineering Bay  
  63  4:53  Refinery  
  63  4:54  SCV x2  
  63  4:57  Siege Tank  
  68  5:00  Supply Depot  
  68  5:01  SCV  
  68  5:04  Marine x2  
  71  5:09  SCV x2  
  71  5:12  Combat Shield  
  71  5:14  Refinery  
  71  5:15  Marine x2  
  73  5:22  Marine  
  73  5:23  SCV x3  
  73  5:25  Supply Depot  
  73  5:27  Terran Infantry Weapons Level 1  
  77  5:35  Marauder x2  
  81  5:38  Marine, Missile Turret  
  81  5:39  Barracks  
  81  5:40  Marine, Barracks  
  81  5:42  SCV  
  84  5:43  SCV  
  84  5:47  SCV  
  84  5:48  Siege Tank, Supply Depot  
  89  5:54  SCV  
  89  5:55  SCV  
  91  5:59  SCV, Marine, Missile Turret  
  91  6:03  Starport  
  93  6:10  SCV x2, Marauder x2, Marine  
  100  6:11  Orbital Command  
  100  6:12  Supply Depot  
  100  6:17  Engineering Bay, Marine  
  101  6:27  Barracks Reactor  
  101  6:32  Supply Depot  
  101  6:33  SCV x2, Factory Reactor, Marine  
  101  6:34  Marauder x2  
  101  6:35  Supply Depot  
  101  6:36  SCV  
  108  6:42  Terran Infantry Armor Level 1  
  108  6:45  Marine  
  108  6:46  Ghost Academy  
  108  6:47  SCV  
  108  6:51  Supply Depot  
  108  6:52  Supply Depot  
  108  6:54  SCV x2, Marauder, Marine x2  
  113  6:55  Marauder  
  113  6:59  SCV  
  118  7:02  Refinery  
  118  7:03  Refinery  
  118  7:06  SCV x2  
  118  7:08  Marine x3  
  121  7:14  Ghost  
  121  7:15  Ghost, Supply Depot  
  126  7:16  Supply Depot  
  126  7:17  Ghost  
  126  7:18  Factory Reactor  
  126  7:20  Medivac  
  129  7:26  Marine x2  
  129  7:28  Medivac  
  133  7:33  Marine x2  
  133  7:34  Supply Depot  
  133  7:36  SCV  
  133  7:37  SCV  
  137  7:39  Armory, Supply Depot  
  136  7:47  Missile Turret  
  136  7:48  Ghost x2  
  140  7:54  Medivac  
  140  7:57  Command Center  
  142  8:01  Missile Turret x2  
  142  8:03  Medivac  
  142  8:04  Marauder  
  142  8:05  Marine x2  
  147  8:09  Marine x2  
  147  8:10  Widow Mine  
  147  8:12  Widow Mine  
  154  8:16  Bunker  
  154  8:18  Ghost  
  156  8:23  Ghost  
  156  8:24  Supply Depot  
  156  8:25  Marine  
  156  8:26  Marine  
  160  8:29  Marauder  
  160  8:34  Marine x2  
  163  8:40  Supply Depot  
  163  8:42  Widow Mine x2, Medivac  
  163  8:48  Medivac  
  171  8:51  Supply Depot  
  171  8:54  Marauder x2  
  173  9:00  Marine  
  173  9:01  Marauder  
  141  9:03  Marine  
  141  9:04  Marine x2  
Show
View Real Time Build Order
Export as new Build Order

Strange Protoss - Winner!

Build Orders: 1 Gate Expand, Double Forge, Colossus Rush 

Get SALT Encoding   

  12  0:00  Probe  
  13  0:12  Probe  
  14  0:16  Pylon  
  14  0:24  Probe (Chrono Boost)  
  16  0:36  Gateway  
  16  0:37  Probe (Chrono Boost)  
  16  0:43  Probe (Chrono Boost)  
  16  0:45  Assimilator  
  17  0:51  Probe  
  18  1:03  Probe  
  19  1:15  Probe  
  20  1:22  Nexus  
  20  1:31  Cybernetics Core  
  20  1:33  Probe  
  21  1:40  Assimilator  
  21  1:45  Probe  
  22  1:49  Pylon  
  22  1:57  Probe (Chrono Boost)  
  23  2:04  Stalker (Chrono Boost)  
  25  2:09  Probe (Chrono Boost)  
  25  2:15  Robotics Facility  
  26  2:18  Probe (Chrono Boost)  
  27  2:23  Probe, Warp Gate  
  28  2:32  Adept  
  28  2:35  Probe (Chrono Boost)  
  31  2:43  Probe (Chrono Boost)  
  33  2:45  Probe (Chrono Boost)  
  33  2:50  Probe x2 (Chrono Boost)  
  34  2:52  Shield Battery  
  35  3:01  Probe  
  35  3:02  Observer (Chrono Boost), Adept  
  35  3:04  Probe  
  40  3:09  Gateway  
  40  3:14  Pylon  
  40  3:17  Probe  
  40  3:18  Observer (Chrono Boost), Probe  
  43  3:24  Assimilator  
  43  3:27  Observer  
  43  3:29  Probe, Assimilator  
  43  3:32  Probe  
  46  3:34  Pylon  
  46  3:41  Probe  
  47  3:44  Probe  
  48  3:53  Probe, Robotics Bay  
  49  3:56  Probe, Forge  
  50  4:05  Probe, Immortal (Chrono Boost)  
  50  4:08  Probe  
  56  4:13  Forge  
  56  4:16  Sentry  
  58  4:18  Probe  
  58  4:21  Pylon  
  59  4:26  Pylon  
  59  4:35  Observer  
  59  4:37  Colossus (Chrono Boost)  
  59  4:38  Pylon  
  65  4:46  Protoss Ground Armor Level 1 (Chrono Boost), Protoss Ground Weapons Level 1 (Chrono Boost)  
  65  4:51  Pylon  
  65  5:02  Extended Thermal Lance  
  65  5:05  Probe  
  66  5:14  Probe  
  66  5:18  Colossus (Chrono Boost)  
  66  5:19  Pylon  
  67  5:23  Probe  
  67  5:24  Nexus  
  67  5:27  Sentry  
  76  5:30  Probe  
  76  5:31  Pylon  
  76  5:35  Probe  
  78  5:39  Twilight Council  
  78  5:42  Probe  
  79  5:47  Probe  
  80  5:52  Gateway  
  80  5:54  Gateway, Probe  
  81  5:59  Probe  
  81  6:02  Colossus  
  88  6:06  Probe  
  88  6:09  Shield Battery  
  89  6:11  Probe, Zealot  
  89  6:14  Charge (Chrono Boost)  
  92  6:18  Probe  
  92  6:23  Probe  
  94  6:30  Probe  
  95  6:34  Gateway  
  95  6:35  Probe, Zealot  
  95  6:37  Gateway  
  99  6:45  Gateway, Protoss Ground Weapons Level 2 (Chrono Boost)  
  99  6:49  Gateway  
  99  6:52  Protoss Ground Armor Level 2 (Chrono Boost)  
  98  6:58  Colossus (Chrono Boost)  
  104  7:04  Probe  
  104  7:05  Pylon  
  104  7:06  Pylon  
  105  7:09  Zealot x2  
  109  7:22  Pylon, Zealot x2  
  113  7:30  Observer  
  113  7:32  Gateway  
  113  7:33  Gateway  
  113  7:35  Templar Archives  
  115  7:42  Zealot x3  
  115  7:43  Zealot x2  
  123  7:48  Warp Prism (Chrono Boost)  
  124  7:53  Zealot x3  
  124  7:56  Observer  
  130  8:02  Pylon  
  130  8:06  Pylon  
  130  8:07  Stalker  
  130  8:08  Stalker  
  130  8:09  Zealot  
  130  8:11  High Templar  
  130  8:12  High Templar  
  140  8:16  Archon  
  140  8:17  Zealot x3  
  146  8:24  Pylon  
  146  8:26  Nexus  
  146  8:41  High Templar x2  
  146  8:42  Zealot x6  
  146  8:45  Pylon, Archon  
  160  8:59  Zealot  
  160  9:00  Zealot  
  130  9:05  Zealot x6  
  126  9:15  Zealot x2  
  114  9:22  Zealot x2  
Tags
 
Add a new tag
Caveats
  • Supply blocks, unpowered buildings, or Contaminate may cause inaccurate times.
  • Supply counts are checked every 10 seconds.